SL
ROCKY MOUNTAIN NUGGETS @ DETROIT REAPERS
09/21/2020
 
TOP OF THE 1ST
Rocky Mountain Nuggets batting - Pitching for Detroit Reapers : RHP Nicholas Wells
Pitching: RHP Nicholas Wells
Batting: LHB Juan Ríos 0-0: Foul Ball, location: 2F
0-1: Ground out 4-3 (Groundball, 4)
Batting: SHB Quan Ge 0-0: Called Strike
0-1: Ball
1-1: Called Strike
1-2: SINGLE (Groundball, 56S)
Batting: RHB David Verhoeve 0-0: Ball
1-0: Called Strike
1-1: Ball
2-1: Swinging Strike
2-2: Ball
3-2: Fielders Choice at 2nd, 1-6 (Groundball, 15S)
Batting: LHB Randy Bowen 0-0: Ground out 4-3 (Groundball, 4)
Top of the 1st over - 0 run(s), 1 hit(s), 0 error(s), 1 left on base; Rocky Mountain 0 - Detroit 0
BOTTOM OF THE 1ST
Detroit Reapers batting - Pitching for Rocky Mountain Nuggets : RHP Hunter Wilson
Pitching: RHP Hunter Wilson
Batting: LHB Ryan Westlake 0-0: Ball
1-0: Called Strike
1-1: Swinging Strike
1-2: Strikes out swinging
Batting: SHB Eiji Suzuki 0-0: Ball
1-0: Foul Ball, location: 2F
1-1: Fly out, F2 (Popup, 2LF)
Batting: RHB Bart Lewis 0-0: Ball
1-0: Ball
2-0: SINGLE (Line Drive, 7S)
Batting: RHB Joey Morgan 0-0: Called Strike
0-1: Foul Ball, location: 2F
0-2: Ball
1-2: Ball
2-2: Foul Ball, location: 2F
2-2: Ball
3-2: DOUBLE (Groundball, 5L)
Bart Lewis to third
Bart Lewis scores
Batting: RHB Robby Thomas 0-0: Called Strike
0-1: Foul Ball, location: 2F
0-2: Foul Ball, location: 2F
0-2: Fly out, F8 (Flyball, 8RM)
Bottom of the 1st over - 1 run(s), 2 hit(s), 0 error(s), 1 left on base; Rocky Mountain 0 - Detroit 1
TOP OF THE 2ND
Rocky Mountain Nuggets batting - Pitching for Detroit Reapers : RHP Nicholas Wells
Batting: RHB Mark Melton 0-0: Ball
1-0: Foul Ball, location: 2F
1-1: Foul Ball, location: 2F
1-2: Foul Ball, location: 2F
1-2: Ball
2-2: Ground out 1-3 (Groundball, 15S)
Batting: RHB Paul Smith 0-0: Foul Ball, location: 2F
0-1: Called Strike
0-2: Strikes out looking
Batting: LHB Jason Potter 0-0: Foul Ball, location: 2F
0-1: Foul Ball, location: 2F
0-2: Ball
1-2: Strikes out swinging
Top of the 2nd over - 0 run(s), 0 hit(s), 0 error(s), 0 left on base; Rocky Mountain 0 - Detroit 1
BOTTOM OF THE 2ND
Detroit Reapers batting - Pitching for Rocky Mountain Nuggets : RHP Hunter Wilson
Batting: RHB Jack Weber 0-0: Ball
1-0: Called Strike
1-1: Fly out, F5 (Popup, 15S)
Batting: RHB Abílio Conceio 0-0: Called Strike
0-1: Ball
1-1: Foul Ball, location: 2F
1-2: Foul Ball, location: 2F
1-2: Strikes out swinging
Batting: RHB Nicholas Wells 0-0: Ball
1-0: DOUBLE (Flyball, 8RM)
Batting: RHB Kevin Howard 0-0: Swinging Strike
0-1: Foul Ball, location: 2F
0-2: Strikes out swinging
Bottom of the 2nd over - 0 run(s), 1 hit(s), 0 error(s), 1 left on base; Rocky Mountain 0 - Detroit 1
TOP OF THE 3RD
Rocky Mountain Nuggets batting - Pitching for Detroit Reapers : RHP Nicholas Wells
Batting: LHB Egidio Agnolutto 0-0: Called Strike
0-1: Foul Ball, location: 2F
0-2: Ball
1-2: Ball
2-2: Fly out, F8 (Flyball, 8RD)
Batting: RHB Hunter Wilson 0-0: Called Strike
0-1: Ball
1-1: Ground out 1-3 (Groundball, 25)
Batting: LHB Juan Ríos 0-0: Ball
1-0: Ball
2-0: SINGLE (Groundball, 4MD)
Batting: SHB Quan Ge 0-0: Ball
1-0: Foul Ball, location: 2F
1-1: Ground out 3-1 (Groundball, 34S)
Top of the 3rd over - 0 run(s), 1 hit(s), 0 error(s), 1 left on base; Rocky Mountain 0 - Detroit 1
BOTTOM OF THE 3RD
Detroit Reapers batting - Pitching for Rocky Mountain Nuggets : RHP Hunter Wilson
Batting: LHB Ryan Westlake 0-0: Foul Ball, location: 2F
0-1: Foul Ball, location: 2F
0-2: Ball
1-2: Foul Ball, location: 2F
1-2: Ball
2-2: Ball
3-2: SINGLE (Groundball, 3S) (infield hit)
Batting: SHB Eiji Suzuki 0-0: Ball
1-0: Ground out 3-1 (Groundball, 34)
Ryan Westlake to second
Batting: RHB Bart Lewis 0-0: Ball
1-0: Called Strike
1-1: Foul Ball, location: 2F
1-2: Ball
2-2: Fly out, F3 (Popup, 3SF)
Batting: RHB Joey Morgan 0-0: Fly out, F7 (Flyball, 7D)
Bottom of the 3rd over - 0 run(s), 1 hit(s), 0 error(s), 1 left on base; Rocky Mountain 0 - Detroit 1
TOP OF THE 4TH
Rocky Mountain Nuggets batting - Pitching for Detroit Reapers : RHP Nicholas Wells
Batting: RHB David Verhoeve 0-0: Called Strike
0-1: Foul Ball, location: 2F
0-2: Ball
1-2: SINGLE (Groundball, 4M)
Batting: LHB Randy Bowen 0-0: Ball
1-0: DOUBLE (Line Drive, 9M)
David Verhoeve to third
Batting: RHB Mark Melton 0-0: Ball
1-0: Ball
2-0: Called Strike
2-1: Foul Ball, location: 2F
2-2: Strikes out swinging
Pitching: RHP Dave Baker
Batting: RHB Paul Smith 0-0: Ball
1-0: Fly out, F7 (Line Drive, 7M)
Runner from 3rd tags up, SCORES, no throw
Batting: LHB Jason Potter 0-0: Ball
1-0: Ball
2-0: Ball
3-0: Called Strike
3-1: Base on Balls
Batting: LHB Egidio Agnolutto 0-0: Foul Ball, location: 2F
0-1: Foul Ball, location: 2F
0-2: Strikes out swinging
Top of the 4th over - 1 run(s), 2 hit(s), 0 error(s), 2 left on base; Rocky Mountain 1 - Detroit 1
BOTTOM OF THE 4TH
Detroit Reapers batting - Pitching for Rocky Mountain Nuggets : RHP Hunter Wilson
Batting: RHB Robby Thomas 0-0: Ball
1-0: Foul Ball, location: 2F
1-1: SINGLE (Groundball, 6D)
Batting: RHB Jack Weber 0-0: Ball
1-0: Fly out, F2 (Popup, 2RF)
Batting: RHB Abílio Conceio 0-0: Ball
1-0: Foul Ball, location: 2F
1-1: Ball
2-1: Ball
3-1: Called Strike
3-2: Grounds into double play, 4-6-3 (Groundball, 4)
Bottom of the 4th over - 0 run(s), 1 hit(s), 0 error(s), 0 left on base; Rocky Mountain 1 - Detroit 1
TOP OF THE 5TH
Rocky Mountain Nuggets batting - Pitching for Detroit Reapers : RHP Dave Baker
Batting: RHB Hunter Wilson 0-0: Ball
1-0: Called Strike
1-1: Swinging Strike
1-2: Ball
2-2: Strikes out swinging
Batting: LHB Juan Ríos 0-0: Ball
1-0: Ball
2-0: Ball
3-0: Called Strike
3-1: Foul Ball, location: 2F
3-2: Base on Balls
Batting: SHB Quan Ge 0-0: Called Strike
0-1: Foul Ball, location: 2F
0-2: Ball
1-2: SINGLE (Line Drive, 7S)
Juan Ríos to second
Batting: RHB David Verhoeve 0-0: Ball
1-0: Called Strike
1-1: Foul Ball, location: 2F
1-2: Fly out, F8 (Flyball, 8LS)
Batting: LHB Randy Bowen 0-0: Ball
1-0: Called Strike
1-1: Ball
2-1: Swinging Strike
2-2: Foul Ball, location: 2F
2-2: Ball
3-2: Base on Balls
Juan Ríos to third
Quan Ge to second
Batting: RHB Mark Melton 0-0: Foul Ball, location: 2F
0-1: Ball
1-1: Foul Ball, location: 2F
1-2: Foul Ball, location: 2F
1-2: SINGLE (Flyball, 8LS)
Juan Ríos scores
Quan Ge to third
Randy Bowen to second
Pitching: RHP Luis Ríos
Batting: RHB Paul Smith 0-0: Ball
1-0: Swinging Strike
1-1: Foul Ball, location: 2F
1-2: Foul Ball, location: 2F
1-2: Ball
2-2: Strikes out swinging
Top of the 5th over - 1 run(s), 2 hit(s), 0 error(s), 3 left on base; Rocky Mountain 2 - Detroit 1
BOTTOM OF THE 5TH
Detroit Reapers batting - Pitching for Rocky Mountain Nuggets : RHP Hunter Wilson
Batting: RHB Luis Ríos 0-0: Ball
1-0: Ground out 6-3 (Groundball, 6)
Batting: RHB Kevin Howard 0-0: Ball
1-0: Swinging Strike
1-1: Hit by Pitch
Batting: LHB Ryan Westlake 0-0: Ball
1-0: Ball
2-0: Foul Ball, location: 2F
2-1: Fly out, F7 (Flyball, 78S)
Batting: SHB Eiji Suzuki 0-0: Ball
1-0: Fly out, F8 (Flyball, 8RXD)
Bottom of the 5th over - 0 run(s), 0 hit(s), 0 error(s), 1 left on base; Rocky Mountain 2 - Detroit 1
TOP OF THE 6TH
Rocky Mountain Nuggets batting - Pitching for Detroit Reapers : RHP Luis Ríos
Batting: LHB Jason Potter 0-0: Ball
1-0: Ball
2-0: Called Strike
2-1: Called Strike
2-2: Ball
3-2: Foul Ball, location: 2F
3-2: Ground out 6-3 (Groundball, 6)
Batting: LHB Egidio Agnolutto 0-0: Swinging Strike
0-1: Ball
1-1: Ball
2-1: Ball
3-1: Base on Balls
Batting: RHB Hunter Wilson 0-0: Ball
1-0: Sac Bunt - play at second, runner OUT! 3-6
Batting: LHB Juan Ríos 0-0: Ball
1-0: Called Strike
1-1: Ball
2-1: Ball
3-1: Swinging Strike
3-2: Foul Ball, location: 2F
3-2: Base on Balls
Hunter Wilson to second
Batting: SHB Quan Ge 0-0: DOUBLE (Line Drive, 7LD)
Hunter Wilson scores
Juan Ríos to third
Batting: RHB David Verhoeve 0-0: Ball
1-0: Ball
2-0: Called Strike
2-1: Foul Ball, location: 2F
2-2: Strikes out looking
Top of the 6th over - 1 run(s), 1 hit(s), 0 error(s), 2 left on base; Rocky Mountain 3 - Detroit 1
BOTTOM OF THE 6TH
Detroit Reapers batting - Pitching for Rocky Mountain Nuggets : RHP Hunter Wilson
Batting: RHB Bart Lewis 0-0: Hit by Pitch
Batting: RHB Joey Morgan 0-0: Ball
1-0: SINGLE (Line Drive, 78M)
Bart Lewis to second
Batting: RHB Robby Thomas 0-0: Called Strike
0-1: Ball
1-1: Foul Ball, location: 2F
1-2: Ball
2-2: Ball
3-2: Foul Ball, location: 2F
3-2: Strikes out looking
Batting: RHB Jack Weber 0-0: Swinging Strike
0-1: Foul Ball, location: 2F
0-2: Strikes out swinging
Batting: RHB Abílio Conceio 0-0: Called Strike
0-1: SINGLE (Line Drive, 89S)
Bart Lewis to third
Joey Morgan to second
Runner from 3rd tries for Home, SAFE, throw made home
Joey Morgan to third
Abílio Conceio to second
Pinch Hitting: RHB Alan Elder 0-0: Ball
1-0: Called Strike
1-1: Ball
2-1: Ball
3-1: Base on Balls
Batting: RHB Kevin Howard 0-0: Foul Ball, location: 2F
0-1: Ground out 6-3 (Groundball, 6)
Bottom of the 6th over - 1 run(s), 2 hit(s), 0 error(s), 3 left on base; Rocky Mountain 3 - Detroit 2
TOP OF THE 7TH
Rocky Mountain Nuggets batting - Pitching for Detroit Reapers : RHP Luis Ríos
Pitching: RHP Casey Bader
Batting: LHB Randy Bowen 0-0: Fly out, F6 (Popup, 6MD)
Batting: RHB Mark Melton 0-0: Ball
1-0: Foul Ball, location: 2F
1-1: Called Strike
1-2: Foul Ball, location: 2F
1-2: Ball
2-2: Foul Ball, location: 2F
2-2: Foul Ball, location: 2F
2-2: Foul Ball, location: 2F
2-2: Fly out, F8 (Flyball, 8LM)
Batting: RHB Paul Smith 0-0: Ball
1-0: Swinging Strike
1-1: Ball
2-1: Ground out 5-3 (Groundball, 5)
Top of the 7th over - 0 run(s), 0 hit(s), 0 error(s), 0 left on base; Rocky Mountain 3 - Detroit 2
BOTTOM OF THE 7TH
Detroit Reapers batting - Pitching for Rocky Mountain Nuggets : RHP Hunter Wilson
Batting: LHB Ryan Westlake 0-0: Called Strike
0-1: Foul Ball, location: 2F
0-2: Strikes out swinging
Batting: SHB Eiji Suzuki 0-0: Called Strike
0-1: Ground out 1-3 (Groundball, 15)
Batting: RHB Bart Lewis 0-0: Ball
1-0: Foul Ball, location: 2F
1-1: Ball
2-1: Ball
3-1: Called Strike
3-2: Foul Ball, location: 2F
3-2: Base on Balls
Pinch Hitting: LHB Orlando Trevino 0-0: Ball
1-0: Foul Ball, location: 2F
1-1: Ball
2-1: Ball
Bart Lewis steals 2nd base
3-1: Called Strike
3-2: SINGLE (Groundball, 4MD) (infield hit)
Bart Lewis to third
Batting: RHB Robby Thomas 0-0: Called Strike
Orlando Trevino steals 2nd base
0-1: Foul Ball, location: 2F
0-2: Strikes out looking
Bottom of the 7th over - 0 run(s), 1 hit(s), 0 error(s), 2 left on base; Rocky Mountain 3 - Detroit 2
TOP OF THE 8TH
Rocky Mountain Nuggets batting - Pitching for Detroit Reapers : RHP Casey Bader
Now in RF: Will Brock
Batting: LHB Jason Potter 0-0: Called Strike
0-1: Foul Ball, location: 2F
0-2: Ball
1-2: Strikes out swinging
Batting: LHB Egidio Agnolutto 0-0: Called Strike
0-1: Foul Ball, location: 2F
0-2: Fly out, F6 (Popup, 6MD)
Pinch Hitting: RHB Juan Ávila 0-0: Swinging Strike
0-1: Foul Ball, location: 2F
0-2: Ground out 6-3 (Groundball, 6)
Top of the 8th over - 0 run(s), 0 hit(s), 0 error(s), 0 left on base; Rocky Mountain 3 - Detroit 2
BOTTOM OF THE 8TH
Detroit Reapers batting - Pitching for Rocky Mountain Nuggets : RHP Hunter Wilson
Pitching: RHP Artie Horton
Batting: RHB Jack Weber 0-0: Foul Ball, location: 2F
0-1: SINGLE (Line Drive, 78S)
Batting: RHB Abílio Conceio 0-0: Ball
1-0: Bunted foul
1-1: Bunted foul
1-2: Grounds into double play, 6-4-3 (Groundball, 6)
Pinch Hitting: SHB Roger Wheeler 0-0: SINGLE (Groundball, 4MD)
Batting: RHB Kevin Howard 0-0: SINGLE (Groundball, 4MD)
Roger Wheeler to second
Pitching: LHP Ryan Miller
Batting: LHB Ryan Westlake 0-0: Called Strike
0-1: Ball
1-1: Ground out 6-3 (Groundball, 6)
Bottom of the 8th over - 0 run(s), 3 hit(s), 0 error(s), 2 left on base; Rocky Mountain 3 - Detroit 2
TOP OF THE 9TH
Rocky Mountain Nuggets batting - Pitching for Detroit Reapers : RHP Casey Bader
Pitching: RHP Jim Washington
Batting: LHB Juan Ríos 0-0: SINGLE (Groundball, 5L) (infield hit)
Batting: SHB Quan Ge 0-0: Ball
1-0: Sac Bunt - play at first, batter OUT! 1-4
Juan Ríos to second
Batting: RHB David Verhoeve 0-0: Intentional Walk
Batting: LHB Randy Bowen 0-0: Called Strike
0-1: Called Strike
Juan Ríos steals 3rd base
David Verhoeve to second
0-2: Ball
1-2: TRIPLE (Flyball, 78XD)
Juan Ríos scores
David Verhoeve scores
Batting: RHB Mark Melton 0-0: Intentional Walk
Batting: RHB Paul Smith 0-0: Ball
1-0: Foul Ball, location: 2F
1-1: Ball
2-1: DOUBLE (Line Drive, 3L)
Randy Bowen scores
Mark Melton to third
Batting: LHB Jason Potter 0-0: Intentional Walk
Pitching: LHP Ron Anderson
Batting: LHB Egidio Agnolutto 0-0: Foul Ball, location: 2F
0-1: Swinging Strike
0-2: Strikes out swinging
Pinch Hitting: RHB Mark O'Monaghan 0-0: Swinging Strike
0-1: Ball
1-1: Ball
2-1: SINGLE (Groundball, 4M)
Mark Melton scores
Paul Smith to third
Jason Potter to second
Runner from 3rd tries for Home, SAFE, no throw or cutoff
Batting: LHB Juan Ríos 0-0: Foul Ball, location: 2F
0-1: Ball
1-1: Ground out 4-3 (Groundball, 34)
Top of the 9th over - 5 run(s), 4 hit(s), 0 error(s), 2 left on base; Rocky Mountain 8 - Detroit 2
BOTTOM OF THE 9TH
Detroit Reapers batting - Pitching for Rocky Mountain Nuggets : LHP Ryan Miller
Pitching: RHP Steve King
Batting: SHB Eiji Suzuki 0-0: Called Strike
0-1: SINGLE (Groundball, 4MD)
Batting: RHB Bart Lewis 0-0: Ball
1-0: Swinging Strike
1-1: DOUBLE (Line Drive, 78M)
Eiji Suzuki to third
Batting: SHB Will Brock 0-0: Called Strike
0-1: Called Strike
0-2: Ball
1-2: SINGLE (Flyball, 8LS)
Eiji Suzuki scores
Bart Lewis to third
Runner from 3rd tries for Home, SAFE, no throw or cutoff
Batting: RHB Robby Thomas 0-0: Ball
1-0: Fly out, F7 (Flyball, 78M)
Batting: RHB Jack Weber 0-0: Called Strike
0-1: Foul Ball, location: 2F
0-2: Ball
1-2: Foul Ball, location: 2F
1-2: Foul Ball, location: 2F
1-2: Strikes out swinging
Batting: RHB Abílio Conceio 0-0: Ball
1-0: Ball
2-0: Called Strike
2-1: Foul Ball, location: 2F
2-2: Fly out, F7 (Flyball, 7M)
Bottom of the 9th over - 2 run(s), 3 hit(s), 0 error(s), 1 left on base; Rocky Mountain 8 - Detroit 4
This league is powered by Out of the Park Baseball, the baseball management simulation game for PC, Mac and Linux
Friday, October 23rd, 2015 - OOTP Baseball 16.9 Build 39